 Dungeon Crawl Stone Soup version 0.27.1-33-g824d729ab1 (webtiles) character file.

Game seed: 1087932573073623756

424 Aksej the Slasher (level 6, -3/48 HPs)
             Began as a Demonspawn Monk on Nov 28, 2021.
             Slain by a gnoll (5 damage)
             ... on level 4 of the Dungeon.
             The game lasted 00:13:08 (4102 turns).

Aksej the Slasher (Demonspawn Monk)                 Turns: 4102, Time: 00:13:08

Health: -3/48      AC:  3    Str: 17    XL:     6   Next: 64%
Magic:  6/6        EV: 13    Int: 18    God:
Gold:   82         SH:  5    Dex: 17    Spells: 5/5 levels left

rFire    . . .     SeeInvis .   a - +1 falchion (flame)
rCold    . . .     Faith    .   (no shield)
rNeg     . . .     Spirit   .   b - +0 robe
rPois    .         Reflect  +   (no helmet)
rElec    .         Harm     .   m - scarf {shadows}
rCorr    .         Rampage  .   (no gloves)
Will     .....                  (no boots)
Stlth    +++.......             i - amulet of reflection
HPRegen  0.16/turn              c - +6 ring of strength
MPRegen  0.10/turn              k - +6 ring of intelligence

@: no status effects
A: foul stench 1, powered by pain 1, sharp scales 1
a: no special abilities


You were on level 4 of the Dungeon.
You visited 1 branch of the dungeon, and saw 4 of its levels.

You collected 82 gold pieces.

Inventory:

Hand Weapons
 a - a +1 falchion of flaming (weapon)
Armour
 b - a +0 robe (worn)
 m - a scarf of shadows (worn)
Jewellery
 c - a +6 ring of strength (left hand)
 e - an amulet of magic regeneration
 i - an amulet of reflection (around neck)
 k - a +6 ring of intelligence (right hand)
 t - a ring of protection from cold
Wands
 j - a wand of polymorph (11)
 r - a wand of flame (14)
Scrolls
 s - a scroll of magic mapping
Potions
 d - a potion of flight {unknown}
 f - 2 potions of brilliance {unknown}
 g - a potion of heal wounds {unknown}
 h - a potion of ambrosia {unknown}
 l - 2 potions of attraction
 n - a potion of berserk rage {unknown}
 o - a potion of might {unknown}
 p - a potion of curing {unknown}
 q - a potion of mutation {unknown}
 u - a potion of cancellation {unknown}


   Skills:
 + Level 3.9 Fighting
 + Level 4.7 Long Blades
 + Level 3.3 Dodging
 + Level 4.4 Stealth
 + Level 0.4 Shields


You had 5 spell levels left.
You didn't know any spells.
Your spell library contained the following spells:

 Spells                   Type           Power      Damage    Failure   Level
 Sandblast                Erth           0%         2d4       22%         1
 Passwall                 Tmut/Erth      0%         N/A       32%         2
 Lee's Rapid Deconstruct  Erth           0%         3d5*      99%         5


Dungeon Overview and Level Annotations

Branches:
Dungeon (4/15)
 Temple: D:4-7

Altars:
Hepliaklqana


Innate Abilities, Weirdness & Mutations

You may rarely emit foul miasma when damaged in melee.
You sometimes gain a little power by taking damage.
You are partially covered in razor-sharp scales. (AC +1, Slay +1)


Message History

The gnoll is pulled toward you!
The gnoll is no longer moving quickly.
The gnoll is pulled toward you! The gnoll shaman is pulled toward you!
The gnoll is pulled toward you! You block the gnoll's attack.
The gnoll shaman is pulled toward you! The gnoll is pulled toward you! x2
There is a stone staircase leading down here.
The gnoll is pulled toward you! x2
The gnoll shaman calls upon its god to heal the gnoll.
The gnoll's wounds heal themselves!
The gnoll hits you with a +0 club.
* * * LOW HITPOINT WARNING * * *
There is an open door here.
You are no longer glowing.
The gnoll is pulled toward you!
Found a smoky brown potion.
The gnoll is pulled toward you! x2
The gnoll closely misses you. The gnoll shaman is pulled toward you!
The gnoll is pulled toward you! The gnoll shaman is pulled toward you!
The gnoll is pulled toward you! x2
A hobgoblin comes into view.
Found an inky potion.
The gnoll shaman is pulled toward you! The gnoll is pulled toward you!
The hobgoblin is pulled toward you! The gnoll shaman is pulled toward you!
The gnoll is pulled toward you! x2
You feel less attractive to monsters.
The gnoll shaman calls upon its god to speed up something.
There is an open door here.
The gnoll shaman calls upon its god to speed up something.
The gnoll misses you. The gnoll hits you with a +0 club.
* * * LOW HITPOINT WARNING * * *
The gnoll hits you with a +0 club.
* * * LOW HITPOINT WARNING * * *
You block the gnoll's attack. The gnoll barely misses you.
The gnoll hits you but does no damage. The gnoll barely misses you.
The gnoll barely misses you.
The gnoll hits you from afar with a +0 spear.
* * * LOW HITPOINT WARNING * * *
The gnoll hits you with a +0 club.
You die...

...............#
..........g....#
.###...####...##
#...# #g..##
...!.. #...^#
..... #....# ...
#g...# #.g..#
#@#### ###


You could see 3 gnolls.

Vanquished Creatures
  Sigmund (D:2)
  A hound (D:4)
  Jessica (D:2)
  Terence (D:2)
  Natasha (D:2)
  5 gnolls
  4 adders
  An adder skeleton (D:4)
  2 orcs (D:3)
  12 ball pythons
  5 endoplasms
  3 giant cockroaches
  7 goblins
  7 hobgoblins
  3 jackals (D:1)
  3 quokkas
  7 bats
  3 frilled lizards
  2 kobolds (D:1)
  8 rats
77 creatures vanquished.

Vanquished Creatures (others)
  A fungus (D:4)
1 creature vanquished.

Grand Total: 78 creatures vanquished

Notes
Turn   | Place    | Note
-------+----------+-------------------------------------------
     0 | D:1      | Aksej the Demonspawn Monk began the quest for the Orb.
     0 | D:1      | Reached XP level 1. HP: 18/18 MP: 1/1
   527 | D:1      | Gained mutation: You are partially covered in razor-sharp
                  | scales. (AC +1, Slay +1) [demonic ancestry]
   527 | D:1      | Reached XP level 2. HP: 19/24 MP: 2/2
  1206 | D:1      | Gained mutation: You may rarely emit foul miasma when
                  | damaged in melee. [demonic ancestry]
  1206 | D:1      | Reached XP level 3. HP: 29/29 MP: 3/3
  1808 | D:2      | Noticed Jessica
  1815 | D:2      | Killed Jessica
  1816 | D:2      | Reached XP level 4. HP: 35/35 MP: 4/4
  2156 | D:2      | Noticed Natasha
  2163 | D:2      | Killed Natasha
  2308 | D:2      | Noticed Sigmund
  2378 | D:2      | Killed Sigmund
  2379 | D:2      | Reached XP level 5. HP: 32/42 MP: 5/5
  2379 | D:2      | Gained mutation: You sometimes gain a little power by
                  | taking damage. [demonic ancestry]
  2379 | D:2      | Reached XP level 6. HP: 37/48 MP: 6/6
  2510 | D:2      | Found a faded altar of an unknown god.
  2592 | D:2      | Noticed Terence
  2608 | D:2      | Killed Terence
  3949 | D:4      | Found a hazy altar of Hepliaklqana.
  4100 | D:4      | HP: 1/48 [gnoll (5)]
  4102 | D:4      | Slain by a gnoll

Illustrated notes

Levels and vault maps discovered:
D:1:      sevenhm_arrival_forest_fort_large_4, layout_basic, minmay_cupped
D:2:      layout_loops_ring, shapermc_ecumenical_altar_flowoftime, uniq_sigmund,
          uniq_jessica, uniq_natasha, uniq_terence
D:3:      layout_loops_ring
D:4:      layout_gridville, nicolae_ru_awakened_eye,
          mainiacjoe_overflow_big_doors

Skill      XL: |  1  2  3  4 |
---------------+-------------+-----
Long Blades    | 3 4 |  4.7
Stealth        | 2 4 |  4.4
Dodging        | 3 |  3.3
Fighting       | |  3.9
Shields        | |  0.4

Action                   |  1- 3 |  4- 6 || total
-------------------------+-------+-------++-------
Melee: Falchion          |    80 |   106 ||   186
Evoke: Wand              |       |     2 ||     2
  Use: Scroll            |     4 |     4 ||     8
       Potion            |       |     1 ||     1
 Stab: Sleeping          |    12 |     5 ||    17
Armor: Robe              |    10 |     8 ||    18
Dodge: Dodged            |    54 |    64 ||   118
Block: Other             |     2 |    27 ||    29
       Rpst.: Falchion   |    14 |    18 ||    32
